[Event "FIDE Open Sachove Univerzity QCC"]
[Site "Ceske Budejovice"]
[Date "2020.07.06"]
[Round "6.1"]
[White "Zezula, Matej"]
[Black "Kral, Ladislav"]
[Result "1/2-1/2"]
[ECO "C01"]
[WhiteElo "1125"]
[BlackElo "1493"]
[Annotator "NA"]
[PlyCount "77"]
[EventDate "2020.07.01"]
[EventType "swiss"]
[EventCountry "CZE"]
[SourceTitle "playchess.com"]
[Source "ChessBase"]
[SourceQuality "1"]
[TimeControl "40/5400+30:1800+30"]

1. e4 e6 2. d4 d5 3. exd5 exd5 4. c4 Nf6 5. Nf3 Bb4+ 6. Nc3 O-O 7. Be2 dxc4 8. Bxc4 Re8+ 9. Be3 Be6 10. Bxe6 Rxe6 11. O-O Nd5 12. Qb3 Bxc3 13. bxc3 Nxe3 14. fxe3 Rb6 15. Qc2 Nd7 16. Rac1 Qe7 17. e4 f6 18. c4 Re6 19. Rfe1 Re8 20. Nd2 f5 21. e5 c5 22. Nf3 cxd4 23. Nxd4 Rxe5 24. Rxe5 Qxe5 25. Nxf5 g6 26. Nh6+ Kg7 27. Ng4 Qd4+ 28. Nf2 Qe3 29. h3 Qe2 30. Qc3+ Qe5 31. Qb4 b6 32. Qa4 Qc7 33. Ng4 h5 34. Nf2 Rf8 35. Qc2 Qc5 36. Rd1 Re8 37. Qa4 Qc7 38. Rc1 Re7 39. Ra1 1/2-1/2

[Event "FIDE Open Sachove Univerzity QCC"]
[Site "Ceske Budejovice"]
[Date "2020.07.06"]
[Round "6.2"]
[White "Titera, Libor"]
[Black "Petkov, Andon"]
[Result "1-0"]
[ECO "B32"]
[WhiteElo "1843"]
[BlackElo "1776"]
[Annotator "NA"]
[PlyCount "39"]
[EventDate "2020.07.01"]
[EventType "swiss"]
[EventCountry "CZE"]
[SourceTitle "playchess.com"]
[Source "ChessBase"]
[SourceQuality "1"]
[TimeControl "40/5400+30:1800+30"]

1. e4 c5 2. Nf3 Nc6 3. d4 cxd4 4. Nxd4 e5 5. Nb5 a6 6. Nd6+ Bxd6 7. Qxd6 Qf6 8. Qc7 Nge7 9. Nc3 O-O 10. Be3 d5 11. Bc5 (11. Nxd5 $14 Nxd5 12. exd5) 11... Be6 12. exd5 Bxd5 13. O-O-O Rfd8 14. f3 $2 {[%emt 0:10:50] [#]} (14. Qxb7 $14 {keeps the upper hand.} Rdb8 15. Qc7) 14... Qe6 $2 (14... Bxa2 $1 $17 15. Rxd8+ (15. Nxa2 Qf4+) 15... Rxd8) 15. Bxe7 ({Better is} 15. Qxb7 $16 Rdb8 16. Qc7) 15... Nxe7 16. Be2 b5 17. Rd2 {[%emt 0:03:03] [#]} (17. Kb1 $11 {remains equal.}) 17... Rd7 (17... Rdc8 $1 $17 18. Qa5 Nc6) 18. Qa5 Rad8 $11 19. Rhd1 Bb7 20. Qxd8+ 1-0

[Event "FIDE Open Sachove Univerzity QCC"]
[Site "Ceske Budejovice"]
[Date "2020.07.06"]
[Round "6.2"]
[White "Gorej, Vojtech"]
[Black "Jilek, Pavel"]
[Result "1-0"]
[ECO "C44"]
[WhiteElo "1395"]
[BlackElo "1234"]
[Annotator "NA"]
[PlyCount "107"]
[EventDate "2020.07.01"]
[EventType "swiss"]
[EventCountry "CZE"]
[SourceTitle "playchess.com"]
[Source "ChessBase"]
[SourceQuality "1"]
[TimeControl "40/5400+30:1800+30"]

1. e4 e5 2. Nf3 Nc6 3. d4 Bd6 4. Bc4 h6 5. O-O Qe7 6. Nc3 Nf6 7. d5 Na5 8. Bb3 c6 9. Re1 Bb4 10. dxc6 dxc6 11. Qd3 Bd7 12. a3 Bc5 13. Be3 Nxb3 14. cxb3 Bd6 15. Red1 Bc7 16. Rac1 Rd8 17. Qe2 Ng4 18. b4 a6 19. Bc5 Qe6 20. h3 b6 21. Be3 Nf6 22. Rd2 b5 23. Bc5 Rb8 24. Rcd1 Bb6 25. Bd6 Rb7 26. Nxe5 Bc7 27. Bxc7 Rxc7 28. Nxd7 Nxd7 29. Rd6 Qe7 30. Qd2 O-O 31. Rxd7 Rxd7 32. Qxd7 Qe8 33. Qxe8 Rxe8 34. Rd6 Rc8 35. f4 f6 36. Kf2 c5 37. bxc5 Rxc5 38. Rxa6 b4 39. axb4 Rc4 40. b5 Rb4 41. b6 Rxb2+ 42. Kg3 Rb3 43. Kh2 Rxc3 44. Ra8+ Kf7 45. b7 Rb3 46. b8=Q Rxb8 47. Rxb8 Kg6 48. f5+ Kf7 49. Rb7+ Kf8 50. Kg3 Kg8 51. Kh4 Kh7 52. Kh5 Kg8 53. Kg6 Kh8 54. Rb8# 1-0

[Event "FIDE Open Sachove Univerzity QCC"]
[Site "Ceske Budejovice"]
[Date "2020.07.06"]
[Round "6.3"]
[White "Popov, Roman"]
[Black "Svetly, Jiri"]
[Result "0-1"]
[ECO "E94"]
[WhiteElo "2353"]
[BlackElo "1835"]
[Annotator "ChessBase"]
[PlyCount "112"]
[EventDate "2020.07.01"]
[EventType "swiss"]
[EventCountry "CZE"]
[SourceTitle "playchess.com"]
[Source "ChessBase"]
[SourceQuality "1"]
[TimeControl "40/5400+30:1800+30"]

1. d4 Nf6 2. c4 g6 3. Nc3 Bg7 4. e4 d6 5. Nf3 O-O 6. Be2 Nbd7 7. O-O e5 8. Be3 Ng4 9. Bg5 f6 10. Bd2 f5 11. h3 Ngf6 12. Qc2 exd4 13. Nxd4 Nc5 14. exf5 Nfe4 15. Nxe4 Bxd4 16. Nxc5 dxc5 17. fxg6 Bf5 18. gxh7+ Bxh7 19. Qb3 Qf6 20. Qg3+ Kh8 21. Bc3 Rg8 22. Bxd4 cxd4 23. Qf3 Qe5 24. Bd3 Raf8 25. Qe2 Qxe2 26. Bxe2 d3 27. Bg4 d2 28. Bd1 Bd3 29. Bb3 Bxf1 30. Kxf1 Rd8 31. f3 Rd4 32. Rd1 Rgd8 33. Kf2 c5 34. g3 Kg7 35. Kg2 a6 36. a4 b6 37. Kf2 Kf6 38. h4 b5 39. Bc2 Rxc4 40. Be4 Rxa4 41. Ke2 Rad4 42. Ke3 a5 43. g4 c4 44. g5+ Kg7 45. h5 b4 46. h6+ Kh8 47. g6 Rxe4+ 48. fxe4 c3 49. bxc3 bxc3 50. Ke2 a4 51. e5 a3 52. e6 c2 53. Rxd2 Rxd2+ 54. Kxd2 a2 55. Kxc2 a1=Q 56. Kd3 Qe5 0-1

[Event "FIDE Open Sachove Univerzity QCC"]
[Site "Ceske Budejovice"]
[Date "2020.07.06"]
[Round "6.4"]
[White "Straka, Zdenek"]
[Black "Kotleska, Roman"]
[Result "0-1"]
[ECO "B13"]
[WhiteElo "1812"]
[BlackElo "1521"]
[Annotator "NA"]
[PlyCount "160"]
[EventDate "2020.07.01"]
[EventType "swiss"]
[EventCountry "CZE"]
[SourceTitle "playchess.com"]
[Source "ChessBase"]
[SourceQuality "1"]
[TimeControl "40/5400+30:1800+30"]

1. d4 d5 2. Bf4 c5 3. e3 cxd4 4. exd4 Nc6 5. c3 Bf5 6. Bd3 {[%emt 0:00:00] B13: Caro-Kann: Exchange Variation and Panov-Botvinnik Attack.} Bxd3 7. Qxd3 e6 8. Nf3 Nf6 9. Nbd2 Be7 10. O-O O-O 11. Ne5 Nxe5 12. Bxe5 Nd7 {[%emt 0:02:03] [#]} 13. Nf3 $146 ({Predecessor:} 13. Rae1 b5 14. Re3 b4 15. Rh3 g6 16. Qe3 Bg5 17. f4 Be7 18. f5 Bg5 19. Bf4 Bxf4 20. Qxf4 exf5 {0-1 (57) Siebrecht,S (2280)-Brunner,L (2525) Lenk 1994}) 13... Nxe5 14. Nxe5 Bd6 15. Rae1 Qc7 16. Qh3 Rae8 17. f4 f5 18. Qd3 a6 19. Re3 Rf6 20. Rfe1 Bxe5 21. Rxe5 Qc6 22. R1e3 Kf7 23. Rh3 h6 24. Rg3 g6 25. Rh3 Kg7 26. Qg3 Qa4 27. a3 Qc2 28. Qf2 Qxf2+ 29. Kxf2 Rf7 30. Rhe3 Rfe7 31. h4 Kf6 32. a4 b5 33. axb5 axb5 34. Ke2 Ra8 35. Kd2 Ra6 36. Kc2 h5 37. Re1 Kf7 38. R5e3 Kf6 39. Rb1 Rea7 40. Ree1 Ra2 41. Kb3 R2a4 42. Re3 R7a6 43. Kc2 Ra2 44. Kd3 Ke7 45. Kc2 Kf7 46. Kd3 Ke7 47. Re2 Ra7 48. Rc2 Kd6 49. Re1 R7a6 50. Re3 Ke7 51. Rce2 Rb6 52. Kc2 Rba6 53. Rg3 Kf6 54. Rg5 Ra7 55. Re3 Ra1 56. Rgg3 R1a2 57. Re1 R7a6 58. Rge3 Ke7 59. Kb3 R2a4 60. Rb1 Rc6 $11 61. Ree1 Rca6 62. Kc2 Ra2 63. Kd3 Kd7 64. Rec1 Kd6 65. Rc2 Rc6 66. b3 Rxc2 67. Kxc2 b4 68. c4 dxc4 69. bxc4 Rxc4+ 70. Kd3 Kd5 71. Ke3 Rxd4 72. g3 e5 73. fxe5 Kxe5 74. Ra1 Kd5 75. Ra8 Re4+ 76. Kd3 Rg4 77. Rd8+ Kc5 78. Rc8+ Kb5 79. Rb8+ Ka4 80. Kc2 Rxg3 0-1

[Event "FIDE Open Sachove Univerzity QCC"]
[Site "Ceske Budejovice"]
[Date "2020.07.06"]
[Round "6.4"]
[White "Stavova, Marketa"]
[Black "Krautschneider, Daniel Jan"]
[Result "1-0"]
[ECO "B30"]
[WhiteElo "1219"]
[BlackElo "1374"]
[Annotator "NA"]
[PlyCount "105"]
[EventDate "2020.07.01"]
[EventType "swiss"]
[EventCountry "CZE"]
[SourceTitle "playchess.com"]
[Source "ChessBase"]
[SourceQuality "1"]
[TimeControl "40/5400+30:1800+30"]

1. e4 c5 2. Nf3 Nc6 3. Nc3 g6 4. g3 Bg7 5. Bg2 d6 6. O-O a6 7. d3 Nf6 8. Bd2 O-O 9. Re1 Qc7 10. Qc1 Bd7 11. Nd5 Nxd5 12. exd5 Ne5 13. Nxe5 Bxe5 14. Bh6 Rfc8 15. Bf4 Bf6 16. Rb1 Rab8 17. c4 Bf5 18. Be4 Bxe4 19. dxe4 b5 20. b3 Qa5 21. cxb5 Qxa2 22. bxa6 Rxb3 23. Rxb3 Qxb3 24. Re3 Qb6 25. Qa3 Ra8 26. Rb3 Qxa6 27. Qxa6 Rxa6 28. Bh6 Ra8 29. Rb7 Rc8 30. Kf1 c4 31. Ke1 c3 32. Kd1 c2+ 33. Kc1 g5 34. f3 e6 35. dxe6 fxe6 36. f4 d5 37. e5 Bh8 38. Bxg5 d4 39. Be7 d3 40. Ba3 Rd8 41. Kd2 Ra8 42. Rb3 Bg7 43. Rxd3 Bf8 44. Bxf8 Kxf8 45. Rc3 Ra1 46. Rxc2 Rh1 47. Ke3 Rd1 48. Kf3 h5 49. Rc8+ Kg7 50. Rc7+ Kg6 51. Re7 Kf5 52. Rf7+ Kg6 53. Rf6+ 1-0

[Event "FIDE Open Sachove Univerzity QCC"]
[Site "Ceske Budejovice"]
[Date "2020.07.06"]
[Round "6.5"]
[White "Tajovsky, Simon"]
[Black "Chval, Petr"]
[Result "1/2-1/2"]
[ECO "A85"]
[WhiteElo "1594"]
[BlackElo "1926"]
[Annotator "ChessBase"]
[PlyCount "90"]
[EventDate "2020.07.01"]
[EventType "swiss"]
[EventCountry "CZE"]
[SourceTitle "playchess.com"]
[Source "ChessBase"]
[SourceQuality "1"]
[TimeControl "40/5400+30:1800+30"]

1. d4 f5 2. c4 Nf6 3. Nc3 d6 4. Nf3 g6 5. Bf4 Bg7 6. e3 O-O 7. Bd3 c6 8. Rc1 Qe8 9. Qb3 Kh8 10. O-O Nbd7 11. d5 Nh5 12. Ne2 Nc5 13. Qc2 Nxd3 14. Qxd3 Bxb2 15. Rb1 Bg7 16. Ng5 h6 17. Nf3 g5 18. Bg3 f4 19. exf4 gxf4 20. Bh4 Bf5 21. Qd2 Qg6 22. Rb3 Bh3 23. Ne1 f3 24. Ng3 fxg2 25. Nxg2 cxd5 26. cxd5 b6 27. Bxe7 Rf7 28. Bxd6 Bxg2 29. Kxg2 Qxd6 30. Nxh5 Qg6+ 31. Ng3 h5 32. h4 Rd8 33. Rd3 Bf6 34. Rh1 Kh7 35. Rf3 Be7 36. Rxf7+ Qxf7 37. Qd3+ Kg8 38. Rd1 Bxh4 39. d6 Rd7 40. Qb5 Bxg3 41. Qg5+ Qg7 42. Qxg3 b5 43. f4 b4 44. Rd5 Kf7 45. Qxg7+ Kxg7 1/2-1/2

[Event "FIDE Open Sachove Univerzity QCC"]
[Site "Ceske Budejovice"]
[Date "2020.07.06"]
[Round "6.6"]
[White "Hlavsa, Filip"]
[Black "Dusanek, Michal"]
[Result "1-0"]
[ECO "B23"]
[WhiteElo "1886"]
[BlackElo "1500"]
[Annotator "NA"]
[PlyCount "51"]
[EventDate "2020.07.01"]
[EventType "swiss"]
[EventCountry "CZE"]
[SourceTitle "playchess.com"]
[Source "ChessBase"]
[SourceQuality "1"]
[TimeControl "40/5400+30:1800+30"]

1. e4 c5 2. Nc3 Nc6 3. Bb5 g6 4. Bxc6 dxc6 5. f4 Bg7 6. Nf3 {[%emt 0:00:16] B23: Closed Sicilian: Lines without g3.} Nf6 7. d3 Qc7 8. h3 {[%emt 0:04:40] [#]} Be6 $146 ({Predecessor:} 8... Nh5 9. Ne2 Bd7 10. a4 Qb6 11. a5 Qc7 12. O-O O-O-O 13. Be3 Bxb2 14. Ra2 Bg7 {1-0 (33) Slezinski,N (2074)-Pilch,A (1838) Krakow 2018}) 9. O-O O-O 10. Qe1 Rfd8 11. Qh4 h6 12. f5 g5 {[%emt 0:03:17] [#]} 13. Qf2 (13. Bxg5 $1 $18 {has better winning chances.} hxg5 14. Nxg5) 13... Bc8 14. Qxc5 b6 15. Qc4 Bb7 16. Bd2 c5 17. a4 a6 18. Rae1 Rac8 19. Nd1 Nd7 20. Bc3 Ne5 21. Nxe5 Bxe5 22. Bxe5 Qxe5 23. Kh1 Rc7 24. Qb3 Rd6 25. Ne3 Qf6 26. Nc4 $18 1-0

[Event "FIDE Open Sachove Univerzity QCC"]
[Site "Ceske Budejovice"]
[Date "2020.07.06"]
[Round "6.6"]
[White "Skalicky, Jindrich"]
[Black "Policar, Martin"]
[Result "0-1"]
[ECO "A06"]
[WhiteElo "1165"]
[BlackElo "1258"]
[Annotator "NA"]
[PlyCount "132"]
[EventDate "2020.07.01"]
[EventType "swiss"]
[EventCountry "CZE"]
[SourceTitle "playchess.com"]
[Source "ChessBase"]
[SourceQuality "1"]
[TimeControl "40/5400+30:1800+30"]

1. Nf3 d5 2. c4 e6 3. d4 c5 4. e3 Nf6 5. cxd5 exd5 6. Be2 Nc6 7. O-O Bf5 8. a3 Rc8 9. Nc3 c4 10. b3 Na5 11. b4 Nb3 12. Ra2 Bd6 13. Ne1 Qc7 14. g3 O-O 15. Nb5 Qb6 16. Nxd6 Qxd6 17. Ng2 Ne4 18. Bb2 Ned2 19. Re1 c3 20. Bxc3 Rxc3 21. Nh4 Rc1 22. Qxc1 Nxc1 23. Nxf5 Nxe2+ 24. Rxe2 Qf6 25. Raxd2 Qxf5 26. Rc2 h6 27. Rc7 g5 28. Rxb7 Rc8 29. Kg2 g4 30. Kf1 Qb1+ 31. Re1 Qd3+ 32. Kg2 Qe4+ 33. Kg1 Qf3 34. Rxa7 Rc2 35. Ra8+ Kg7 36. Rf1 h5 37. b5 Rb2 38. Rb8 Qe2 39. a4 Qc2 40. a5 Qa4 41. a6 Rxb5 42. Rxb5 Qxb5 43. Ra1 Qb2 44. Ra4 Qe2 45. Ra1 Qb2 46. Ra4 Qb5 47. Ra1 Qb8 48. a7 Qa8 49. Kf1 Kf6 50. Ke2 Kf5 51. Kd3 f6 52. Ra6 Kg5 53. Kc3 Qc8+ 54. Kb4 Qxa6 55. Kc5 Qxa7+ 56. Kxd5 Qd7+ 57. Kc4 Kf5 58. d5 Ke5 59. Kd3 Qxd5+ 60. Ke2 Qf3+ 61. Kf1 Qd1+ 62. Kg2 Kd5 63. h3 Ke4 64. h4 f5 65. Kh2 Kf3 66. e4 Qf1 0-1

[Event "FIDE Open Sachove Univerzity QCC"]
[Site "Ceske Budejovice"]
[Date "2020.07.06"]
[Round "6.7"]
[White "Berka, Lubos"]
[Black "Janouskova, Adela"]
[Result "1/2-1/2"]
[ECO "A25"]
[WhiteElo "1718"]
[BlackElo "1377"]
[Annotator "NA"]
[PlyCount "33"]
[EventDate "2020.07.01"]
[EventType "swiss"]
[EventCountry "CZE"]
[SourceTitle "playchess.com"]
[Source "ChessBase"]
[SourceQuality "1"]
[TimeControl "40/5400+30:1800+30"]

1. c4 e5 2. Nc3 d6 3. e3 Nc6 4. h3 Nf6 5. Nge2 Be7 6. Ng3 O-O 7. Be2 Be6 8. O-O d5 9. cxd5 Nxd5 10. b3 Qd7 11. Bb2 Bf6 12. Qc1 Ndb4 13. Qb1 Qxd2 14. Nce4 Qd8 15. Nxf6+ Qxf6 16. f4 Qh6 17. Nf5 1/2-1/2

[Event "FIDE Open Sachove Univerzity QCC"]
[Site "Ceske Budejovice"]
[Date "2020.07.06"]
[Round "6.7"]
[White "Dobsinsky, Petr"]
[Black "Berkovec, Jakub"]
[Result "1-0"]
[ECO "A06"]
[WhiteElo "1248"]
[BlackElo "1224"]
[Annotator "NA RC"]
[PlyCount "31"]
[EventDate "2020.07.01"]
[EventType "swiss"]
[EventCountry "CZE"]
[SourceTitle "playchess.com"]
[Source "ChessBase"]
[SourceQuality "1"]
[TimeControl "40/5400+30:1800+30"]

1. Nf3 d5 2. c4 e6 3. Nc3 f5 4. e3 c6 5. Ne5 Bd6 6. Qh5+ g6 7. Nxg6 hxg6 8. Qxh8 Kf8 9. cxd5 exd5 10. e4 Qe8 11. d3 Qd8 12. Bh6+ Kf7 13. Qg7+ Ke6 14. Qxg6+ Ke5 15. f4+ Kd4 16. Bg7+ 1-0

[Event "FIDE Open Sachove Univerzity QCC"]
[Site "Ceske Budejovice"]
[Date "2020.07.06"]
[Round "6.9"]
[White "Rychlik, Zdenek"]
[Black "Kamleiter, Noah"]
[Result "1/2-1/2"]
[ECO "D00"]
[WhiteElo "1701"]
[BlackElo "1463"]
[Annotator "NA"]
[PlyCount "47"]
[EventDate "2020.07.01"]
[EventType "swiss"]
[EventCountry "CZE"]
[SourceTitle "playchess.com"]
[Source "ChessBase"]
[SourceQuality "1"]
[TimeControl "40/5400+30:1800+30"]

1. f4 d5 2. d4 e6 3. Nf3 Nf6 4. e3 c5 5. Bb5+ Bd7 6. Bxd7+ Qxd7 7. O-O Nc6 8. c3 Bd6 9. Ne5 Qc7 10. Nd2 O-O 11. Qf3 Nd7 12. Qh3 Ncxe5 13. fxe5 Be7 14. Nf3 Qb6 15. Qg3 f6 16. b4 cxd4 17. cxd4 Qxb4 18. Bd2 Qb6 19. Rab1 Qa6 20. exf6 Nxf6 21. Qc7 Bd6 22. Qxb7 Qxb7 23. Rxb7 Rfb8 24. Rfb1 1/2-1/2

[Event "FIDE Open Sachove Univerzity QCC"]
[Site "Ceske Budejovice"]
[Date "2020.07.06"]
[Round "6.9"]
[White "Bara, Jan"]
[Black "Predota, Vit"]
[Result "1-0"]
[ECO "D20"]
[WhiteElo "1128"]
[BlackElo "1233"]
[Annotator "NA"]
[PlyCount "139"]
[EventDate "2020.07.01"]
[EventType "swiss"]
[EventCountry "CZE"]
[SourceTitle "playchess.com"]
[Source "ChessBase"]
[SourceQuality "1"]
[TimeControl "40/5400+30:1800+30"]

1. d4 d5 2. c4 dxc4 3. e4 Nc6 4. d5 Nb8 5. Bxc4 e6 6. Nf3 exd5 7. Qxd5 Qxd5 8. Bxd5 Nf6 9. Nc3 Bb4 10. Bd2 Bxc3 11. Bxc3 c6 12. Bxf6 cxd5 13. Bxg7 Rg8 14. Be5 dxe4 15. Nd2 Nc6 16. Bf4 Nb4 17. O-O Nd3 18. Nxe4 Nxf4 19. Nf6+ Kf8 20. Nxg8 Kxg8 21. Rfe1 Be6 22. b3 Rc8 23. h3 Rc2 24. Re3 Ne2+ 25. Kf1 Nc3 26. Rg3+ Kf8 27. Rg5 Nxa2 28. Ra5 Bxb3 29. Rxa7 Bc4+ 30. Kg1 b5 31. Ra8+ Kg7 32. Ra3 b4 33. Rg3+ Kf8 34. Rg4 b3 35. Rb1 Bd3 36. Rxb3 Bf5 37. Rf4 Bg6 38. Rb8+ Kg7 39. Rg4 Rc1+ 40. Kh2 Nc3 41. h4 h5 42. Rc4 Ne2 43. Rxc1 Nxc1 44. Kg3 Ne2+ 45. Kf3 Nd4+ 46. Ke3 Nf5+ 47. Kf4 Nxh4 48. g3 Ng2+ 49. Ke5 Ne1 50. Kd6 Nd3 51. f4 Nf2 52. Ke5 Bc2 53. Kd4 Nh1 54. Rb5 Kh6 55. g4 hxg4 56. Rb2 g3 57. Rxc2 Kh5 58. Ke3 Kg4 59. Rc8 Kh3 60. Kf3 Kh2 61. Rh8+ Kg1 62. Rxh1+ Kxh1 63. Kxg3 Kg1 64. f5 Kf1 65. f6 Ke2 66. Kf4 Kd3 67. Ke5 Kc4 68. Kd6 Kd4 69. Ke7 Ke5 70. Kxf7 1-0

[Event "FIDE Open Sachove Univerzity QCC"]
[Site "Ceske Budejovice"]
[Date "2020.07.06"]
[Round "6.10"]
[White "Svejda, Karel"]
[Black "Matlocha, Lubomir"]
[Result "0-1"]
[ECO "B07"]
[WhiteElo "1387"]
[BlackElo "1646"]
[Annotator "NA"]
[PlyCount "48"]
[EventDate "2020.07.01"]
[EventType "swiss"]
[EventCountry "CZE"]
[SourceTitle "playchess.com"]
[Source "ChessBase"]
[SourceQuality "1"]
[TimeControl "40/5400+30:1800+30"]

1. e4 d6 2. d4 g6 3. Nf3 Bg7 4. Nc3 c6 5. Be3 Nf6 6. Qd2 b5 7. Bd3 Nbd7 8. O-O O-O 9. Bh6 e5 10. Bxg7 Kxg7 11. a4 b4 12. Ne2 a5 13. c3 c5 14. Rfd1 cxd4 15. cxd4 Bb7 16. Ng3 exd4 17. Nxd4 Nc5 18. f3 Qb6 19. Kh1 Rac8 20. Ndf5+ Kh8 21. Qh6 Ne6 22. Bb5 Ng8 23. Rxd6 Qxd6 24. Nxd6 Nxh6 0-1

[Event "FIDE Open Sachove Univerzity QCC"]
[Site "Ceske Budejovice"]
[Date "2020.07.06"]
[Round "6.11"]
[White "Svadlenka, Michal"]
[Black "Zelbova, Lada"]
[Result "0-1"]
[ECO "B90"]
[WhiteElo "1395"]
[BlackElo "1637"]
[Annotator "NA"]
[PlyCount "58"]
[EventDate "2020.07.01"]
[EventType "swiss"]
[EventCountry "CZE"]
[SourceTitle "playchess.com"]
[Source "ChessBase"]
[SourceQuality "1"]
[TimeControl "40/5400+30:1800+30"]

1. e4 c5 2. Nf3 d6 3. d4 cxd4 4. Nxd4 Nf6 5. Nc3 a6 6. Be3 e5 7. Nb3 Be6 8. f3 Be7 9. g4 O-O 10. Qd2 a5 11. Na4 Nbd7 12. Bb5 Qc7 13. g5 Nh5 14. f4 exf4 15. Bxf4 Nxf4 16. Qxf4 Qxc2 17. O-O Qc7 18. Rac1 Qd8 19. h4 Nb6 20. e5 Nxa4 21. Bxa4 Qb6+ 22. Kh2 dxe5 23. Qe4 Rfd8 24. h5 Bd5 25. Qf5 Qb4 26. Rc3 Qxa4 27. g6 fxg6 28. hxg6 h6 29. Nc5 Bxc5 0-1

[Event "FIDE Open Sachove Univerzity QCC"]
[Site "Ceske Budejovice"]
[Date "2020.07.06"]
[Round "6.12"]
[White "Garabik, Marek"]
[Black "Cipera, Josef"]
[Result "1/2-1/2"]
[ECO "B22"]
[WhiteElo "1363"]
[BlackElo "1612"]
[Annotator "NA RC"]
[PlyCount "27"]
[EventDate "2020.07.01"]
[EventType "swiss"]
[EventCountry "CZE"]
[SourceTitle "playchess.com"]
[Source "ChessBase"]
[SourceQuality "1"]
[TimeControl "40/5400+30:1800+30"]

1. e4 c5 2. Nf3 a6 3. c3 d6 4. d4 cxd4 5. cxd4 Nf6 6. Nc3 e6 7. Be2 Be7 8. O-O O-O 9. Bg5 h6 10. Bxf6 Bxf6 11. e5 Be7 12. exd6 Bxd6 13. d5 Qe7 14. Bc4 1/2-1/2

[Event "FIDE Open Sachove Univerzity QCC"]
[Site "Ceske Budejovice"]
[Date "2020.07.06"]
[Round "6.13"]
[White "Valtr, Filip"]
[Black "Kaucky, Jaroslav"]
[Result "1-0"]
[ECO "C45"]
[WhiteElo "1784"]
[BlackElo "1573"]
[Annotator "NA"]
[PlyCount "59"]
[EventDate "2020.07.01"]
[EventType "swiss"]
[EventCountry "CZE"]
[SourceTitle "playchess.com"]
[Source "ChessBase"]
[SourceQuality "1"]
[TimeControl "40/5400+30:1800+30"]

1. e4 e5 2. Nf3 Nc6 3. d4 exd4 4. Nxd4 Nxd4 5. Qxd4 Qe7 6. Bc4 d6 7. Nc3 Be6 8. O-O Bxc4 9. Qxc4 c6 10. Re1 Qe6 11. Qb4 O-O-O 12. Bf4 Be7 13. Qa5 Kb8 14. a4 Nf6 15. e5 Qf5 16. Be3 Ng4 17. Qxa7+ Kc8 18. Bb6 d5 19. Qa8+ Kd7 20. Qxb7+ Ke8 21. Qxc6+ Qd7 22. Qxd7+ Rxd7 23. Nb5 Bd8 24. Nd6+ Ke7 25. Bc5 Kf8 26. e6 Rc7 27. exf7 Be7 28. Rxe7 Rxe7 29. Nf5 Kxf7 30. Nxe7 1-0

[Event "FIDE Open Sachove Univerzity QCC"]
[Site "Ceske Budejovice"]
[Date "2020.07.06"]
[Round "6.13"]
[White "Postl, Frantisek"]
[Black "Motejzik, Jaroslav"]
[Result "1/2-1/2"]
[ECO "C11"]
[WhiteElo "1188"]
[BlackElo "1396"]
[Annotator "NA"]
[PlyCount "92"]
[EventDate "2020.07.01"]
[EventType "swiss"]
[EventCountry "CZE"]
[SourceTitle "playchess.com"]
[Source "ChessBase"]
[SourceQuality "1"]
[TimeControl "40/5400+30:1800+30"]

1. e4 e6 2. d4 d5 3. Nc3 Nf6 4. e5 Nfd7 5. Nf3 c5 6. Bg5 Be7 7. Bxe7 Qxe7 8. Qd2 a6 9. O-O-O Nc6 10. a3 cxd4 11. Nxd4 Ncxe5 12. f4 Nc6 13. f5 e5 14. Nxd5 Qd6 15. Nxc6 Qxc6 16. Be2 Qd6 17. Rhe1 O-O 18. Rf1 f6 19. g4 b5 20. g5 Kh8 21. h4 Rb8 22. h5 Nb6 23. h6 gxh6 24. g6 Rg8 25. Rh1 Bxf5 26. gxh7 Rg5 27. Rxh6 Nxd5 28. Qxd5 Qxd5 29. Rxd5 Rg6 30. Rxg6 Bxg6 31. Rd6 Rc8 32. c3 Kxh7 33. Rxf6 Rc5 34. Rxa6 e4 35. a4 bxa4 36. Rxa4 e3 37. Rc4 Rd5 38. Rd4 Re5 39. b4 Rg5 40. Rh4+ Kg7 41. Rh1 Rg2 42. Bf3 Rc2+ 43. Kd1 Rxc3 44. b5 Rb3 45. Ke2 Bd3+ 46. Kd1 Bg6 1/2-1/2

[Event "FIDE Open Sachove Univerzity QCC"]
[Site "Ceske Budejovice"]
[Date "2020.07.06"]
[Round "6.14"]
[White "Sobotka, Radim"]
[Black "Chmelik, Benedikt"]
[Result "1-0"]
[ECO "E76"]
[WhiteElo "1764"]
[BlackElo "1571"]
[Annotator "NA"]
[PlyCount "91"]
[EventDate "2020.07.01"]
[EventType "swiss"]
[EventCountry "CZE"]
[SourceTitle "playchess.com"]
[Source "ChessBase"]
[SourceQuality "1"]
[TimeControl "40/5400+30:1800+30"]

1. d4 Nf6 2. c4 g6 3. Nc3 Bg7 4. e4 d6 5. f4 O-O 6. Nf3 Re8 7. Bd3 Nfd7 8. O-O e5 9. fxe5 dxe5 10. d5 Nc5 11. Bg5 f6 12. Be3 Nxd3 13. Qxd3 f5 14. Bg5 Qd6 15. Rae1 c6 16. a3 a5 17. Be3 cxd5 18. cxd5 Bd7 19. exf5 Bxf5 20. Qb5 Qd7 21. Rf2 Qxb5 22. Nxb5 Na6 23. Nd6 Re7 24. Nxf5 gxf5 25. Nh4 f4 26. Bxf4 Nc5 27. Bg5 Rd7 28. Rd2 h6 29. Be3 Ne4 30. Rdd1 Nf6 31. d6 Ne8 32. Nf5 Ra6 33. Bxh6 Bxh6 34. Nxh6+ Kg7 35. Ng4 Raxd6 36. Rxd6 Rxd6 37. Rxe5 Kf7 38. Rxa5 Rd1+ 39. Kf2 Rd2+ 40. Kf3 Rxb2 41. Ne5+ Ke6 42. Nc4 Rb3+ 43. Kf4 Nf6 44. Re5+ Kd7 45. Kg5 Nh7+ 46. Kg6 1-0

[Event "FIDE Open Sachove Univerzity QCC"]
[Site "Ceske Budejovice"]
[Date "2020.07.06"]
[Round "6.15"]
[White "Frnoch, Vojtech"]
[Black "Valasek, Jakub"]
[Result "1/2-1/2"]
[ECO "D02"]
[WhiteElo "1597"]
[BlackElo "1688"]
[Annotator "NA"]
[PlyCount "68"]
[EventDate "2020.07.01"]
[EventType "swiss"]
[EventCountry "CZE"]
[SourceTitle "playchess.com"]
[Source "ChessBase"]
[SourceQuality "1"]
[TimeControl "40/5400+30:1800+30"]

1. Nf3 d5 2. d4 Nf6 3. Bf4 c6 4. c3 Qb6 5. Qb3 Qxb3 6. axb3 Nbd7 7. Nbd2 g6 8. e3 Bg7 9. Bd3 O-O 10. e4 dxe4 11. Bxe4 Nh5 12. Bc7 Ndf6 13. h3 Nd5 14. Bxd5 cxd5 15. O-O Bd7 16. Rfe1 e6 17. Bd6 Rfd8 18. Bh2 Bc6 19. Ne5 Rdc8 20. Ndf3 h6 21. b4 Nf6 22. Nd3 b6 23. Nde5 Bb5 24. Nd2 a5 25. bxa5 bxa5 26. Nb3 a4 27. Nc5 Bf8 28. Ned3 Bxd3 29. Nxd3 a3 30. Bf4 axb2 31. Rxa8 Rxa8 32. Nxb2 Ra2 33. Rb1 g5 34. Be3 Ra8 1/2-1/2

[Event "FIDE Open Sachove Univerzity QCC"]
[Site "Ceske Budejovice"]
[Date "2020.07.06"]
[Round "6.16"]
[White "Dobsa, Emma"]
[Black "Kanka, Lukas"]
[Result "0-1"]
[ECO "B05"]
[WhiteElo "1345"]
[BlackElo "1667"]
[Annotator "NA"]
[PlyCount "70"]
[EventDate "2020.07.01"]
[EventType "swiss"]
[EventCountry "CZE"]
[SourceTitle "playchess.com"]
[Source "ChessBase"]
[SourceQuality "1"]
[TimeControl "40/5400+30:1800+30"]

1. e4 Nf6 2. e5 Nd5 3. d4 d6 4. Nf3 Nc6 5. Be2 Bg4 6. O-O e6 7. c4 Nde7 8. exd6 Qxd6 9. Be3 g6 10. Nc3 Bg7 11. Nb5 Qd7 12. d5 exd5 13. cxd5 Bxf3 14. Bxf3 Ne5 15. Be2 O-O 16. f4 Ng4 17. Bxg4 Qxb5 18. d6 Rfd8 19. d7 f5 20. Be2 Qxd7 21. Qb3+ Nd5 22. Bc4 c6 23. Rfd1 b5 24. Bxd5+ cxd5 25. Rd2 Kh8 26. Rad1 d4 27. Qd3 Qc7 28. Bf2 a6 29. Qf3 Qc5 30. Bxd4 Bxd4+ 31. Kh1 Bf6 32. Rxd8+ Rxd8 33. Rxd8+ Bxd8 34. Qd1 Bb6 35. g3 Qc6+ 0-1